[Event "Olimpiade 2024 - Donne"]
[Site "Budapest"]
[Date "22.09.2024"]
[Round "11.30"]
[White "Nusrat Jahan, Alo"]
[Black "Vanduyfhuys, Daria"]
[Result "0-1"]
[WhiteElo "2033"]
[BlackElo "2112"]
[ECO "B22"]
[Opening "Sicilian"]
[Variation "Alapin's variation (2.c3)"]
[TimeControl "40/5400+30:1800"]
[EventDate "2024.09.11"]
[Board "2"]
[WhiteFideId "10226826"]
[BlackFideId "246336"]
[WhiteTeam "Bangladesh"]
[BlackTeam "Belgium"]

1. e4 c5 2. c3 Nf6 3. e5 Nd5 4. Nf3 Nc6 5. d4 cxd4 6. cxd4 e6 7. Nc3 Nxc3
8. bxc3 d6 9. exd6 Bxd6 10. Bd3 h6 11. O-O O-O 12. Re1 Qc7 13. Qc2 e5 14.
d5 Ne7 15. Qb3 Bf5 16. Bxf5 Nxf5 17. Ba3 Bxa3 18. Qxa3 f6 19. Nd2 Nd6 20.
Qb3 Rac8 21. Rac1 Rfd8 22. c4 Qa5 23. Qc3 Qxc3 24. Rxc3 b5 25. Rec1 bxc4
26. Kf1 Rc5 27. f3 Rdc8 28. Ne4 Nb5 29. Nxc5 Nxc3 30. d6 Rxc5 31. d7 Rd5
32. Rxc3 Rxd7 33. Rxc4 Kf7 34. h4 Rb7 35. Ra4 h5 36. g3 Ke6 37. Ke2 Kd5 38.
Ke3 Kc5 39. Ke4 Rb4+ 40. Rxb4 Kxb4 41. f4 Ka3 42. fxe5 fxe5 43. Kxe5 Kxa2
44. Kf5 Kb1 45. Kg5 a5 46. Kxh5 a4 47. Kg6 a3 48. Kxg7 a2 49. h5 a1=Q+ 50.
Kh7 Qa7+ 51. Kg6 Qb6+ 52. Kg7 Qc7+ 53. Kf6 Qxg3 54. h6 Qg8 0-1

[Event "Olimpiade 2024 - Donne"]
[Site "Budapest"]
[Date "22.09.2024"]
[Round "11.30"]
[White "De Rycke, Tyani"]
[Black "Wadifa, Ahmed"]
[Result "1-0"]
[WhiteElo "2110"]
[BlackElo "1988"]
[ECO "B26"]
[Opening "Sicilian"]
[Variation "closed, 6.Be3"]
[TimeControl "40/5400+30:1800"]
[EventDate "2024.09.11"]
[Board "3"]
[WhiteFideId "247936"]
[BlackFideId "10226869"]
[WhiteTeam "Belgium"]
[BlackTeam "Bangladesh"]

1. e4 c5 2. Nc3 Nc6 3. g3 g6 4. Bg2 Bg7 5. d3 d6 6. Be3 Rb8 7. Qd2 b5 8. f4
e6 9. e5 Nd4 10. exd6 Nf6 11. Ne4 Ng4 12. Bxd4 cxd4 13. Bf3 Ne3 14. c3 Nd5
15. Ne2 f5 16. Nc5 dxc3 17. bxc3 Qxd6 18. d4 O-O 19. O-O Rd8 20. Rab1 a5
21. a3 Ba6 22. Bxd5 exd5 23. Qd3 Rdc8 24. a4 Rb6 25. Nxa6 Rxa6 26. Rxb5 Rc4
27. Rfb1 Ra7 28. Qf3 Rxa4 29. Rxd5 Qe7 30. Rb8+ Kf7 31. Rdb5 Ra1+ 32. Kf2
Qe4 33. Qxe4 fxe4 34. R8b7+ Rxb7 35. Rxb7+ Kf8 36. Ke3 a4 37. Kxe4 a3 38.
Ra7 a2 39. Kd5 h5 40. c4 1-0

[Event "Olimpiade 2024 - Donne"]
[Site "Budapest"]
[Date "22.09.2024"]
[Round "11.30"]
[White "Hamid, Rani"]
[Black "Dierckens, Sarah"]
[Result "1-0"]
[WhiteElo "1900"]
[BlackElo "1943"]
[ECO "B73"]
[Opening "Sicilian"]
[Variation "dragon, classical, 8.O-O"]
[TimeControl "40/5400+30:1800"]
[EventDate "2024.09.11"]
[Board "4"]
[WhiteFideId "10200096"]
[BlackFideId "205745"]
[WhiteTeam "Bangladesh"]
[BlackTeam "Belgium"]

1. e4 c5 2. Nf3 d6 3. d4 cxd4 4. Nxd4 Nf6 5. Nc3 g6 6. Be2 Bg7 7. O-O Nc6
8. Be3 O-O 9. Kh1 Bd7 10. f4 Rc8 11. Qd2 Na5 12. e5 dxe5 13. fxe5 Ne8 14.
Bh6 Nc4 15. Bxc4 Rxc4 16. Nf3 Rxc3 17. bxc3 Qc7 18. Rae1 Bc6 19. Bf4 Qa5
20. Nd4 Bd5 21. Nb3 Qb5 22. a4 Qc6 23. Rf2 Nc7 24. Bg5 Re8 25. Qe3 Ne6 26.
Nd4 Qxa4 27. Nxe6 Bxe6 28. Qc5 b6 29. Qb4 Qd7 30. Rd2 Qc7 31. Bf4 h6 32.
Qd4 Rc8 33. Ra1 g5 34. Bg3 h5 35. Re2 Bg4 36. Re3 Bf5 37. Re2 a5 38. Rb1
Qxc3 39. Qxc3 Rxc3 40. Rxb6 Bxc2 41. Be1 Rc5 42. Rb8+ Kh7 43. Bf2 Rc4 44.
Rb7 e6 45. Rxf7 a4 46. Ra7 Kg6 47. Kg1 Bf8 48. Re1 Bb3 49. Ra8 Bb4 50. Rf1
Re4 51. Rg8+ Kh6 52. Rc1 Bc4 53. Rb8 Bb3 54. Bc5 Bd2 55. Rf1 Rxe5 56. Rh8+
Kg6 57. Bd4 Be3+ 58. Bxe3 Rxe3 59. Rg8+ Kh7 60. Rxg5 Bc4 61. Rc1 Kh6 62. h4
Re4 63. g3 e5 64. Rd1 Rd4 65. Rb1 Bb3 66. Rxe5 Rd3 67. Kf2 a3 68. Rc1 Bd5
69. Re3 Rxe3 70. Kxe3 a2 71. Kf4 Kg6 72. Ke5 Bf7 73. Rc6+ Kh7 74. Ra6 Kg7
75. Ra7 Kg6 76. Kf4 Kf6 77. Ra6+ Kg7 78. Kg5 Kh7 79. Kf6 Bg8 80. Ra5 Bd5
81. Kg5 Bf7 82. Ra6 Kg7 83. Ra7 Kh8 84. Kh6 Bd5 85. Kxh5 Kg8 86. Kg5 Kf8
87. h5 Kg8 88. g4 Be6 89. h6 Kh8 90. Kg6 Bd5 91. g5 Kg8 92. Kf6 Kh8 93. g6
Kg8 94. Ke5 Bc6 95. Rxa2 Be8 96. Ra8 Kf8 97. Rxe8+ 1-0

[Event "Olimpiade 2024 - Donne"]
[Site "Budapest"]
[Date "22.09.2024"]
[Round "11.31"]
[White "Corrales Jimenez, Zenia"]
[Black "Timergazi, Layla"]
[Result "1/2-1/2"]
[WhiteElo "2170"]
[BlackElo "1979"]
[ECO "B15"]
[Opening "Caro-Kann"]
[Variation "Tartakower (Nimzovich) variation"]
[TimeControl "40/5400+30:1800"]
[EventDate "2024.09.11"]
[Board "1"]
[WhiteFideId "3506355"]
[BlackFideId "4303733"]
[WhiteTeam "Mexico"]
[BlackTeam "New Zealand"]

1. e4 c6 2. d4 d5 3. Nc3 dxe4 4. Nxe4 Nf6 5. Nxf6+ exf6 6. c3 Bd6 7. Bd3
O-O 8. Qc2 Re8+ 9. Ne2 h5 10. O-O h4 11. h3 Na6 12. Bd2 Nc7 13. Rae1 Nd5
14. Bf5 Bc7 15. Bxc8 Rxc8 16. Qd3 Qd6 17. f4 g6 18. c4 Ne7 19. Nc3 Bb6 20.
Be3 Qd8 21. Bf2 Nf5 22. Rxe8+ Qxe8 23. Re1 Qd7 24. Ne4 Kg7 25. Rd1 Re8 26.
Nc5 Qc8 27. Qf3 Bxc5 28. dxc5 Rd8 29. Rxd8 Qxd8 30. Qe2 g5 31. fxg5 fxg5
32. Be1 Qd4+ 33. Qf2 Qe4 34. Bc3+ Kg8 35. Qd2 Qe7 36. b4 Kh7 37. Qd3 Kg6
38. Kf2 Qe6 39. Bb2 f6 40. Bc3 Kh6 41. Kg1 Kg7 42. Kh2 Ng3 43. Qd6 Kf7 44.
Bb2 Nf1+ 45. Kg1 Ne3 46. Qd3 Nxc4 47. Qh7+ Kf8 48. Qh8+ Kf7 49. Qh7+ Kf8
1/2-1/2

[Event "Olimpiade 2024 - Donne"]
[Site "Budapest"]
[Date "22.09.2024"]
[Round "11.31"]
[White "Ning, Isabelle Yixuan"]
[Black "Miranda Rodriguez, Tania"]
[Result "1/2-1/2"]
[WhiteElo "1915"]
[BlackElo "2090"]
[ECO "E20"]
[Opening "Nimzo-Indian defence"]
[TimeControl "40/5400+30:1800"]
[EventDate "2024.09.11"]
[Board "2"]
[WhiteFideId "4307763"]
[BlackFideId "3510417"]
[WhiteTeam "New Zealand"]
[BlackTeam "Mexico"]

1. d4 Nf6 2. c4 e6 3. Nc3 Bb4 4. Bd2 O-O 5. Nf3 d5 6. e3 b6 7. Bd3 dxc4 8.
Bxc4 Bb7 9. O-O Nbd7 10. Qe2 c5 11. a3 Bxc3 12. Bxc3 Ne4 13. Rfd1 Qf6 14.
Bb5 Rad8 15. Bxd7 Rxd7 16. dxc5 Nxc3 17. bxc3 Rxd1+ 18. Rxd1 bxc5 19. c4 h6
20. h3 Bxf3 21. Qxf3 Qc3 22. Qb7 Qxa3 23. Rd7 a5 24. Qb5 a4 25. Ra7 Qa1+
26. Kh2 Qe5+ 27. g3 Rb8 28. Qxa4 Qf5 29. Qa2 Rb1 30. Rc7 Rc1 31. Qa8+ Kh7
32. Kg2 Rxc4 33. g4 Qf6 34. Qb7 Rc2 35. Qe4+ Qg6 36. Qe5 c4 37. Qf4 c3 38.
Qxf7 Qxf7 39. Rxf7 Rd2 40. Rc7 c2 41. Kf3 Kg6 42. h4 h5 43. gxh5+ Kxh5 44.
e4 Kxh4 45. Ke3 Rd7 46. Rxc2 Kg5 47. Rc5+ Kf6 48. Kf4 Rd4 49. f3 Ra4 50.
Rb5 Rc4 51. Ra5 Rb4 52. Rc5 Ra4 53. Rb5 Rc4 54. Kg4 Ra4 55. Rb7 Rc4 56. Kf4
Ra4 57. Rb6 Rc4 58. Ke3 Rc3+ 59. Kf4 Rc4 60. Rb5 1/2-1/2

[Event "Olimpiade 2024 - Donne"]
[Site "Budapest"]
[Date "22.09.2024"]
[Round "11.31"]
[White "Mendez Tovar, Yessica Yissel"]
[Black "Chang, Yolanda"]
[Result "0-1"]
[WhiteElo "2004"]
[BlackElo "1908"]
[ECO "B33"]
[Opening "Sicilian"]
[Variation "Pelikan, Chelyabinsk variation"]
[TimeControl "40/5400+30:1800"]
[EventDate "2024.09.11"]
[Board "3"]
[WhiteFideId "5113580"]
[BlackFideId "4309332"]
[WhiteTeam "Mexico"]
[BlackTeam "New Zealand"]

1. e4 c5 2. Nf3 Nc6 3. Nc3 Nf6 4. d4 cxd4 5. Nxd4 e5 6. Ndb5 d6 7. Bg5 a6
8. Na3 b5 9. Bxf6 gxf6 10. Nd5 Bg7 11. c3 f5 12. Nxb5 axb5 13. Bxb5 Bd7 14.
exf5 O-O 15. Qg4 Kh8 16. O-O e4 17. Qxe4 Ne5 18. Bxd7 Nxd7 19. a4 Nc5 20.
Qc2 Re8 21. b4 Ne4 22. Rae1 Nxc3 23. f6 Nxd5 24. fxg7+ Kg8 25. Qd2 Nf6 26.
a5 Re6 27. Ra1 Qb8 28. Rfb1 Qb5 29. Rc1 Ng4 30. h3 Ne5 31. f4 Ng6 32. a6
Re2 33. Qxd6 Nh4 34. Rc5 Rxg2+ 35. Kh1 Qe2 36. f5 Nf3 0-1

[Event "Olimpiade 2024 - Donne"]
[Site "Budapest"]
[Date "22.09.2024"]
[Round "11.31"]
[White "Braganza, Nadia"]
[Black "Tec Rodas, Sofia Isavelina"]
[Result "1-0"]
[WhiteElo "1890"]
[BlackElo "1800"]
[ECO "A22"]
[Opening "English"]
[Variation "Bremen, Smyslov system"]
[TimeControl "40/5400+30:1800"]
[EventDate "2024.09.11"]
[Board "4"]
[WhiteFideId "4305337"]
[BlackFideId "5146402"]
[WhiteTeam "New Zealand"]
[BlackTeam "Mexico"]

1. c4 e5 2. Nc3 Nf6 3. g3 Bb4 4. Bg2 O-O 5. Nf3 Re8 6. O-O c6 7. Qc2 d5 8.
cxd5 cxd5 9. d4 Nc6 10. dxe5 Nxe5 11. Bg5 Nxf3+ 12. Bxf3 Be6 13. Bxf6 Qxf6
14. Nxd5 Bxd5 15. Bxd5 Rac8 16. Qb3 Bc5 17. e3 Re5 18. Rac1 b6 19. Bg2 Qh6
20. Qd3 Rce8 21. Rc4 Qf6 22. Kh1 Rd8 23. Qc2 Qd6 24. Bf3 Qd2 25. Rd1 Qxd1+
26. Bxd1 Red5 27. Bf3 Rd2 28. Qb3 Rxf2 29. Rf4 Kh8 30. Qxf7 h6 31. Qc7 Rfd2
32. Rf7 Bf8 33. Qf4 Bd6 34. Qf5 Rf2 35. Kg1 Rxf3 36. Qxf3 Bc5 37. Kg2 a5
38. Qg4 Rg8 39. e4 Bd4 40. Qg6 b5 41. Rf5 b4 42. Rh5 Rf8 43. Rxa5 Bxb2 44.
e5 1-0

[Event "Olimpiade 2024 - Donne"]
[Site "Budapest"]
[Date "22.09.2024"]
[Round "11.32"]
[White "Wafa, Shrook"]
[Black "Gong, Qianyun"]
[Result "0-1"]
[WhiteElo "2137"]
[BlackElo "2250"]
[ECO "C03"]
[Opening "French"]
[Variation "Tarrasch"]
[TimeControl "40/5400+30:1800"]
[EventDate "2024.09.11"]
[Board "1"]
[WhiteFideId "10609970"]
[BlackFideId "8602425"]
[WhiteTeam "Egypt"]
[BlackTeam "Singapore"]

1. e4 e6 2. d4 d5 3. Nd2 Be7 4. Ngf3 Nf6 5. Bd3 c5 6. exd5 Qxd5 7. dxc5
Qxc5 8. O-O O-O 9. b3 Qc7 10. Bb2 Nbd7 11. c4 b6 12. Rc1 Bb7 13. Bb1 Rad8
14. Qe2 h6 15. Rfd1 Nh5 16. Ne4 Nf4 17. Qe3 f5 18. Ng3 Bc5 19. Qc3 Nf6 20.
b4 Bxf3 21. Qxf3 Rxd1+ 22. Rxd1 Bxb4 23. h3 Ng6 24. a3 Bc5 25. Nh5 Nxh5 26.
Qxh5 Qg3 27. Bd4 Bxd4 28. Rxd4 Qe5 29. Rd1 Nf4 30. Qf3 Qe2 31. Qxe2 Nxe2+
32. Kf1 Nc3 33. Rc1 Nxb1 34. Rxb1 Rc8 35. Rb4 Kf7 36. Ke2 Kf6 37. Kd3 g5
38. Rb5 h5 39. a4 Rc5 40. Rb2 h4 41. f3 Ra5 42. Rb4 Ke5 43. Ke3 Rc5 44. Kd3
Kf4 45. Rb2 e5 46. Kc3 Rc7 47. Kd3 e4+ 48. fxe4 fxe4+ 49. Kc3 Rd7 50. Rf2+
Ke5 51. Rf8 Rd3+ 52. Kb4 Rd2 53. Rf7 a5+ 54. Kb5 Rb2+ 55. Kc6 Kd4 56. Rg7
e3 57. Rxg5 e2 58. Rd5+ Kxc4 59. Re5 Kd3 60. Rd5+ Ke3 61. Re5+ 0-1

[Event "Olimpiade 2024 - Donne"]
[Site "Budapest"]
[Date "22.09.2024"]
[Round "11.32"]
[White "Pang, Kay Yan Eden"]
[Black "Wafa, Shahenda"]
[Result "0-1"]
[WhiteElo "1847"]
[BlackElo "2102"]
[ECO "E09"]
[Opening "Catalan"]
[Variation "closed, main line"]
[TimeControl "40/5400+30:1800"]
[EventDate "2024.09.11"]
[Board "2"]
[WhiteFideId "5825229"]
[BlackFideId "10609962"]
[WhiteTeam "Singapore"]
[BlackTeam "Egypt"]

1. d4 Nf6 2. c4 e6 3. Nf3 d5 4. g3 c6 5. Bg2 Be7 6. O-O Nbd7 7. Qc2 O-O 8.
Nbd2 b6 9. e4 dxe4 10. Nxe4 Bb7 11. Rd1 Nxe4 12. Qxe4 Nf6 13. Qc2 c5 14.
dxc5 Qc7 15. cxb6 axb6 16. Bf4 Qc5 17. Be3 Qh5 18. Nh4 Bxg2 19. Nxg2 Ng4
20. h4 Ne5 21. Nf4 Qf3 22. Bd4 Nc6 23. Bxb6 Nb4 24. Qb3 Qg4 25. a3 Nc6 26.
Qe3 Bf6 27. Nd3 Rfb8 28. c5 Nd4 29. Qf4 Ne2+ 0-1

[Event "Olimpiade 2024 - Donne"]
[Site "Budapest"]
[Date "22.09.2024"]
[Round "11.32"]
[White "Romany, Joy"]
[Black "Rice, Lauren"]
[Result "1/2-1/2"]
[WhiteElo "2012"]
[BlackElo "1824"]
[ECO "E01"]
[Opening "Catalan"]
[Variation "closed"]
[TimeControl "40/5400+30:1800"]
[EventDate "2024.09.11"]
[Board "3"]
[WhiteFideId "10656820"]
[BlackFideId "5824591"]
[WhiteTeam "Egypt"]
[BlackTeam "Singapore"]

1. d4 d5 2. c4 e6 3. g3 Nf6 4. Bg2 a6 5. Nf3 dxc4 6. a4 c5 7. O-O cxd4 8.
Nxd4 Bc5 9. Nc2 O-O 10. Be3 Qc7 11. Nc3 Rd8 12. Qc1 Nbd7 13. Na3 Nb6 14.
Bg5 Be7 15. a5 Nbd5 16. Na4 c3 17. Nxc3 Qxa5 18. Nab5 Qb6 19. e4 Nxc3 20.
Nxc3 e5 21. Bxf6 Bxf6 22. Nd5 Qc6 23. Qe3 b5 24. Rac1 Qd6 25. Rc7 Be6 26.
Rfc1 Bxd5 27. exd5 e4 28. Qxe4 Re8 29. Qc2 Rad8 30. b3 Qb4 31. h4 a5 32.
Rb7 Be5 33. Qf5 Re7 34. Rxe7 Qxe7 35. Re1 Re8 36. Kh1 g6 37. Qd3 Qd7 38.
Re4 Bd6 39. Rxe8+ Qxe8 40. Bf1 a4 41. bxa4 1/2-1/2

[Event "Olimpiade 2024 - Donne"]
[Site "Budapest"]
[Date "22.09.2024"]
[Round "11.32"]
[White "Koh, Wei Le Gladys"]
[Black "Allam, Yara"]
[Result "0-1"]
[WhiteElo "1788"]
[BlackElo "1920"]
[ECO "B40"]
[Opening "Sicilian defence"]
[TimeControl "40/5400+30:1800"]
[EventDate "2024.09.11"]
[Board "4"]
[WhiteFideId "5820669"]
[BlackFideId "10615709"]
[WhiteTeam "Singapore"]
[BlackTeam "Egypt"]

1. e4 c5 2. Nf3 e6 3. g3 d6 4. Bg2 Nf6 5. Qe2 Nc6 6. O-O Be7 7. Rd1 O-O 8.
d4 cxd4 9. Nxd4 Nxd4 10. Rxd4 e5 11. Rd1 Be6 12. c4 Qc7 13. b3 a6 14. h3 b5
15. cxb5 axb5 16. Bb2 b4 17. Rc1 Qb6 18. Nd2 Rfc8 19. Nc4 Qa6 20. f4 Bxc4
21. bxc4 Rc5 22. a3 b3 23. Qe3 Qa4 24. Bf1 Nd7 25. Rd1 Nb6 26. Rac1 Rac8
27. fxe5 dxe5 28. Bxe5 Rxe5 29. Kh2 b2 30. Rb1 Qc2+ 31. Bg2 Nxc4 32. Qd4
Bc5 33. Qd7 Rce8 0-1

[Event "Olimpiade 2024 - Donne"]
[Site "Budapest"]
[Date "22.09.2024"]
[Round "11.33"]
[White "De Blecourt, Sandra"]
[Black "Mayorga Araya, Sofia"]
[Result "1-0"]
[WhiteElo "2065"]
[BlackElo "2059"]
[ECO "E21"]
[Opening "Nimzo-Indian"]
[Variation "three knights variation"]
[TimeControl "40/5400+30:1800"]
[EventDate "2024.09.11"]
[Board "1"]
[WhiteFideId "1004948"]
[BlackFideId "6514065"]
[WhiteTeam "Denmark"]
[BlackTeam "Costa Rica"]

1. d4 Nf6 2. c4 e6 3. Nc3 Bb4 4. Nf3 O-O 5. Bg5 d5 6. e3 h6 7. Bh4 g5 8.
Bg3 Ne4 9. Rc1 h5 10. Ne5 h4 11. Qh5 Qf6 12. f3 Nxc3 13. bxc3 Ba3 14. Bd3
Qg7 15. Ng4 f6 16. Nh6+ Kh8 17. Nf7+ Kg8 18. Nh6+ Kh8 19. Rb1 Bd7 20. Nf7+
Kg8 21. Nh6+ Kh8 22. Bg6 Nc6 23. Nf5+ 1-0

[Event "Olimpiade 2024 - Donne"]
[Site "Budapest"]
[Date "22.09.2024"]
[Round "11.33"]
[White "Rodriguez Arrieta, Maria Elena"]
[Black "Kakulidis, Ellen"]
[Result "1/2-1/2"]
[WhiteElo "1941"]
[BlackElo "2048"]
[ECO "C70"]
[Opening "Ruy Lopez"]
[Variation "Classical defence deferred"]
[TimeControl "40/5400+30:1800"]
[EventDate "2024.09.11"]
[Board "2"]
[WhiteFideId "6502911"]
[BlackFideId "1444972"]
[WhiteTeam "Costa Rica"]
[BlackTeam "Denmark"]

1. e4 e5 2. Nf3 Nc6 3. Bb5 a6 4. Ba4 Bc5 5. O-O Nge7 6. c3 Ng6 7. d4 Ba7 8.
Bg5 f6 9. Be3 O-O 10. Nbd2 d6 11. Re1 Kh8 12. Bb3 Qe7 13. h3 Bd7 14. Nf1
Na5 15. Bc2 Nc4 16. Bc1 Qf7 17. Ng3 Ne7 18. b3 Nb6 19. Be3 Rad8 20. Qe2 Bc8
21. a4 Bb8 22. a5 Nd7 23. b4 c6 24. Rad1 d5 25. dxe5 Nxe5 26. Bb6 Rde8 27.
Nxe5 Bxe5 28. Qd3 Bxg3 29. Qxg3 dxe4 30. Bxe4 Nd5 31. Bc5 Rg8 32. Qh4 f5
33. Bxd5 Rxe1+ 34. Rxe1 Qxd5 35. Re7 Qd1+ 36. Kh2 Qd8 37. Qf4 Re8 38. Rxe8+
Qxe8 39. Bd4 Kg8 40. Qc7 Qd7 41. Qe5 Qf7 42. Qb8 Qd7 43. Qe5 Qf7 44. Qb8
Qd7 45. Qe5 1/2-1/2

[Event "Olimpiade 2024 - Donne"]
[Site "Budapest"]
[Date "22.09.2024"]
[Round "11.33"]
[White "Jakobsen, Shanne Hedegaard"]
[Black "Acevedo Mendez, Jennifer"]
[Result "1/2-1/2"]
[WhiteElo "2002"]
[BlackElo "1836"]
[ECO "D35"]
[Opening "QGD"]
[Variation "exchange, positional line, 5...c6"]
[TimeControl "40/5400+30:1800"]
[EventDate "2024.09.11"]
[Board "3"]
[WhiteFideId "1462296"]
[BlackFideId "6504442"]
[WhiteTeam "Denmark"]
[BlackTeam "Costa Rica"]

1. d4 d5 2. c4 e6 3. Nc3 Nf6 4. cxd5 exd5 5. Bg5 c6 6. e3 h6 7. Bh4 Bf5 8.
Qf3 Be6 9. Bxf6 Qxf6 10. Qxf6 gxf6 11. Nge2 Nd7 12. Rc1 Bd6 13. Ng3 Ke7 14.
Bd3 Bxg3 15. hxg3 Rag8 16. Ne2 f5 17. b4 a6 18. a4 Kd6 19. Kd2 Nf6 20. b5
axb5 21. axb5 Ne4+ 22. Ke1 Ra8 23. f3 Nf6 24. Kf2 Ra3 25. Rc3 Ra2 26. Rhc1
Bd7 27. bxc6 bxc6 28. R3c2 Ra3 29. Rc3 Ra2 30. R3c2 Rha8 31. Nf4 R8a3 32.
Be2 Ra5 33. Nd3 Rxc2 34. Rxc2 Ng8 35. Nc5 Ra3 36. Nd3 Ne7 37. Ne5 Be8 38.
Nd3 Ng6 39. Nf4 Bd7 40. Nh5 Ke6 1/2-1/2

[Event "Olimpiade 2024 - Donne"]
[Site "Budapest"]
[Date "22.09.2024"]
[Round "11.33"]
[White "Bogantes Robleto, Karina"]
[Black "Durrfeld, Sofie Bech"]
[Result "0-1"]
[WhiteElo "1766"]
[BlackElo "1937"]
[ECO "A57"]
[Opening "Benko gambit"]
[TimeControl "40/5400+30:1800"]
[EventDate "2024.09.11"]
[Board "4"]
[WhiteFideId "6504582"]
[BlackFideId "1451324"]
[WhiteTeam "Costa Rica"]
[BlackTeam "Denmark"]

1. d4 Nf6 2. c4 c5 3. d5 b5 4. f3 bxc4 5. e4 d6 6. Bxc4 g6 7. Ne2 Bg7 8.
O-O O-O 9. Nbc3 Nbd7 10. f4 Nb6 11. Qd3 Nxc4 12. Qxc4 e6 13. h3 a5 14. a4
Re8 15. Rd1 exd5 16. exd5 Ba6 17. Nb5 Re4 18. Qc2 Qe7 19. Nec3 Re1+ 20.
Rxe1 Qxe1+ 21. Kh2 Re8 22. Qd3 Bxb5 23. axb5 Ng4+ 24. hxg4 Bd4 25. Be3 Qh4+
0-1

[Event "Olimpiade 2024 - Donne"]
[Site "Budapest"]
[Date "22.09.2024"]
[Round "11.34"]
[White "Stojkovska, Monika"]
[Black "Sanudula, K M Dahamdi"]
[Result "1/2-1/2"]
[WhiteElo "2043"]
[BlackElo "2023"]
[ECO "B01"]
[Opening "Scandinavian (centre counter) defence"]
[TimeControl "40/5400+30:1800"]
[EventDate "2024.09.11"]
[Board "1"]
[WhiteFideId "15002594"]
[BlackFideId "9932470"]
[WhiteTeam "North Macedonia"]
[BlackTeam "Sri Lanka"]

1. e4 d5 2. exd5 Qxd5 3. Nc3 Qa5 4. d4 Nf6 5. a3 c6 6. Bd3 Bg4 7. Nf3 e6 8.
h3 Bh5 9. g4 Bg6 10. Ne5 Bxd3 11. Qxd3 Nbd7 12. f4 Nd5 13. Nc4 Qc7 14. Nxd5
cxd5 15. Ne5 Bd6 16. Bd2 a6 17. Nxd7 Qxd7 18. O-O-O O-O-O 19. Rhf1 g6 20.
f5 exf5 21. gxf5 Kb8 22. Qb3 Qc6 23. Rf3 Bc7 24. Rdf1 Rhe8 25. fxg6 fxg6
26. Rf7 Rd7 27. Qf3 Rxf7 28. Qxf7 Rc8 29. Kb1 Bd6 30. Rc1 Rc7 31. Qf1 Ka7
32. Qd3 Rf7 33. Rf1 Rxf1+ 34. Qxf1 Qd7 35. Qf3 Qf5 36. Qxf5 gxf5 37. Kc1
Kb6 38. Be3 Kc6 39. Kd2 Kd7 40. a4 Ke6 41. Bf2 f4 42. Ke2 Kf5 43. Kf3 b5
44. axb5 axb5 45. Be1 Kg5 46. Bd2 Bc7 47. Be1 Bb6 48. c3 Bc7 49. Bd2 Kf5
50. Be1 Bd8 51. Bd2 Bg5 52. Be1 Bd8 53. Bd2 Bc7 54. Be1 Bd6 55. Bd2 h5 56.
Be1 Kg5 57. Ke2 Bc7 58. Kf3 Bd6 59. Ke2 Bc7 60. Kf3 Bb6 61. Bd2 Bc7 62. Be1
Kf5 63. Bh4 Bb6 64. Be7 Bc7 65. Bh4 Bd6 66. Bd8 1/2-1/2

[Event "Olimpiade 2024 - Donne"]
[Site "Budapest"]
[Date "22.09.2024"]
[Round "11.34"]
[White "Tharushi, T H D Niklesha"]
[Black "Manova, Ivana"]
[Result "0-1"]
[WhiteElo "1852"]
[BlackElo "2032"]
[ECO "A52"]
[Opening "Budapest"]
[Variation "Rubinstein variation"]
[TimeControl "40/5400+30:1800"]
[EventDate "2024.09.11"]
[Board "2"]
[WhiteFideId "9918264"]
[BlackFideId "15003590"]
[WhiteTeam "Sri Lanka"]
[BlackTeam "North Macedonia"]

1. d4 Nf6 2. c4 e5 3. dxe5 Ng4 4. Bf4 Nc6 5. Nf3 Bb4+ 6. Nc3 Bxc3+ 7. bxc3
Qe7 8. Qd5 f6 9. exf6 Nxf6 10. Qd3 d6 11. Qe3 Be6 12. Nd4 Bxc4 13. Qxe7+
Nxe7 14. e3 Bxf1 15. Rxf1 Kd7 16. Bg5 Rhf8 17. f3 d5 18. O-O-O h6 19. Bxf6
Rxf6 20. e4 c5 21. Nb3 c4 22. Nd2 b5 23. exd5 Rd6 24. Rfe1 Rxd5 25. Nxc4
Rc8 26. Rxe7+ Kxe7 27. Rxd5 Rxc4 28. Kb2 a6 29. Kb3 Ke6 30. Rd4 Rc6 31. a4
bxa4+ 32. Rxa4 g5 33. Kb4 Ke5 34. c4 Kd4 35. c5 Rxc5 36. Kb3+ Ke3 37. Rxa6
h5 38. Rh6 h4 39. Rd6 Re5 40. Kc4 Kf2 41. Kd4 Rf5 42. Ra6 Kxg2 43. Ra2+
Kxf3 44. Ra3+ Kg2 45. Ra2+ Rf2 46. Ra5 g4 47. Rg5 Kh3 48. Ke3 Rxh2 49. Ra5
g3 50. Ra3 Rf2 51. Ra4 Rf8 52. Ke2 g2 53. Ra1 Kh2 0-1

[Event "Olimpiade 2024 - Donne"]
[Site "Budapest"]
[Date "22.09.2024"]
[Round "11.34"]
[White "Zhezhovska, Monika"]
[Black "Pallie, Ehsha Mishela"]
[Result "0-1"]
[WhiteElo "2107"]
[BlackElo "1767"]
[ECO "E34"]
[Opening "Nimzo-Indian"]
[Variation "classical, Noa variation"]
[TimeControl "40/5400+30:1800"]
[EventDate "2024.09.11"]
[Board "3"]
[WhiteFideId "15007588"]
[BlackFideId "9934057"]
[WhiteTeam "North Macedonia"]
[BlackTeam "Sri Lanka"]

1. d4 Nf6 2. c4 e6 3. Nc3 Bb4 4. Qc2 d5 5. cxd5 Qxd5 6. Nf3 Qf5 7. Qxf5
exf5 8. Bd2 Be6 9. g3 c6 10. Bg2 Nbd7 11. O-O Bxc3 12. Bxc3 Ne4 13. h4 Ndf6
14. Ne5 Nd5 15. Rfc1 O-O 16. Nd3 Rfe8 17. Be1 Rad8 18. e3 f6 19. b4 Nd6 20.
a4 a6 21. Rab1 Bf7 22. Nc5 Re7 23. Bf1 g5 24. hxg5 fxg5 25. Bg2 Bg6 26. Rb3
f4 27. gxf4 gxf4 28. e4 Nxe4 29. Nxe4 f3 30. Nc5 fxg2 31. Bd2 Re2 32. Bh6
b6 33. Nb7 Rd7 34. Rf3 Re8 35. Rxc6 Rxb7 36. Re6 Rbb8 37. Re5 Nxb4 38. Rb3
a5 39. Kxg2 Rxe5 40. dxe5 Kf7 41. f4 Rc8 42. Re3 Ke6 43. Kg3 Nd5 0-1

[Event "Olimpiade 2024 - Donne"]
[Site "Budapest"]
[Date "22.09.2024"]
[Round "11.34"]
[White "Gunawardhana, Devindya Oshini"]
[Black "Eftovska, Lea"]
[Result "1-0"]
[WhiteElo "1956"]
[BlackElo "1841"]
[ECO "C77"]
[Opening "Ruy Lopez"]
[Variation "Anderssen variation"]
[TimeControl "40/5400+30:1800"]
[EventDate "2024.09.11"]
[Board "4"]
[WhiteFideId "29941482"]
[BlackFideId "15004902"]
[WhiteTeam "Sri Lanka"]
[BlackTeam "North Macedonia"]

1. e4 e5 2. Nf3 Nc6 3. Bb5 a6 4. Ba4 Nf6 5. d3 b5 6. Bb3 Bc5 7. Nc3 h6 8.
Nd5 d6 9. c3 O-O 10. Nxf6+ Qxf6 11. Bd5 Bd7 12. Rg1 Rab8 13. g4 Qd8 14. g5
g6 15. gxh6 Kh8 16. Bg5 f6 17. Bd2 Ne7 18. Bb3 Kh7 19. Qe2 Bb6 20. O-O-O c5
21. Rg3 Be8 22. h4 d5 23. h5 Rg8 24. hxg6+ Rxg6 25. Rdg1 Rxg3 26. Rxg3 Bg6
27. exd5 Qd6 28. Nh4 Rg8 29. Nxg6 Rxg6 30. Rxg6 Nxg6 31. Qg4 Bd8 32. Qf5
Be7 33. d4 Qd8 34. Bc2 Qg8 35. dxe5 fxe5 36. d6 Bd8 37. Qd7+ 1-0

[Event "Olimpiade 2024 - Donne"]
[Site "Budapest"]
[Date "22.09.2024"]
[Round "11.35"]
[White "Wagener, Anna"]
[Black "Bwalya Mulwale, Lubuuto"]
[Result "1-0"]
[WhiteElo "2251"]
[BlackElo "1852"]
[ECO "C00"]
[Opening "French"]
[Variation "Two knights variation"]
[TimeControl "40/5400+30:1800"]
[EventDate "2024.09.11"]
[Board "1"]
[WhiteFideId "13900285"]
[BlackFideId "8706964"]
[WhiteTeam "Luxembourg"]
[BlackTeam "Zambia"]

1. e4 e6 2. Nf3 d5 3. Nc3 Nf6 4. e5 Nfd7 5. d4 a6 6. Bd3 Be7 7. Ne2 c5 8.
c3 cxd4 9. cxd4 Nc6 10. O-O Qb6 11. a3 Nf8 12. b4 Bd7 13. Be3 Ng6 14. Qd2
O-O 15. Ng3 Rfc8 16. Nh5 Qd8 17. h3 Na7 18. Nh2 Bb5 19. Ng4 Bxd3 20. Qxd3
Nb5 21. Bh6 Rc4 22. Bxg7 Rxd4 23. Nh6# 1-0